[Event "Titled Tuesday Blitz July 25 Early 2023"]
[White "Kayis, Gulcan Sena"]
[Black "Ionescu, Mihai"]
[WhiteFideId "34553045"]
[BlackFideId "1202499"]
[WhiteElo "2235"]
[BlackElo "2434"]
[Result "1-0"]
[Round "7"]
[TimeControl "180+2"]
[Date "2023.07.25"]
[WhiteClock "0:00:20"]
[BlackClock "0:00:00"]
[Board "152"]

1. e4 c5 2. c3 d5 3. exd5 Qxd5 4. d4 g6 5. Nf3 Bg7 6. Na3 cxd4 7. Bc4 Qd8 8. cxd4 Nf6 9. O-O O-O 10. Re1 Bf5 11. Bf4 e6 12. Rc1 a6 13. Bb3 Nc6 14. Nc4 Nd5 15. Bg3 Bg4 16. Nce5 Bxf3 17. Nxf3 Rc8 18. Ne5 Na5 19. Bc2 Nc4 20. b3 Nc3 21. Qf3 Nxe5 22. dxe5 Nxa2 23. Rcd1 Qe7 24. Be4 Rc7 25. Rd6 Nc3 26. h3 Nxe4 27. Qxe4 Rfc8 28. Red1 h5 29. Bh4 g5 30. Bg3 h4 31. Bh2 Rc1 32. g3 hxg3 33. Bxg3 Rxd1+ 34. Rxd1 Qc5 35. Qxb7 Qc2 36. Rd7 Rf8 37. Qxa6 Qf5 38. Qb5 Qxh3 39. b4 g4 40. Qb7 Kh7 41. Rxf7 Rxf7 42. Qxf7 Qh6 43. b5 Qc1+ 44. Kh2 Qc5 45. Qxe6 Qxb5 46. Qxg4 Qd5 47. Qf5+ 1-0


[Site "https://www.chess.com"]

[Event "Titled Tuesday Blitz July 25 Early 2023"]
[White "Feliz Dotel, Dewar Bienvenido"]
[Black "Valgmae, Toomas"]
[WhiteFideId "6402801"]
[BlackFideId "4502523"]
[WhiteElo "2091"]
[BlackElo "2433"]
[Result "0-1"]
[Round "7"]
[TimeControl "180+2"]
[Date "2023.07.25"]
[WhiteClock "0:00:00"]
[BlackClock "0:00:57"]
[Board "153"]

1. d4 d5 2. e3 Nf6 3. Nf3 Bg4 4. h3 Bh5 5. g4 Bg6 6. Ne5 Nbd7 7. h4 h5 8. Nxg6 fxg6 9. Bd3 Kf7 10. g5 Ne4 11. Nc3 Nxc3 12. Qf3+ Ke6 13. bxc3 Kd6 14. Ba3+ Kc6 15. c4 Nb6 16. cxd5+ Nxd5 17. c4 e6 18. cxd5+ exd5 19. Bxf8 Rxf8 20. Qe2 Kd7 21. Bxg6 Qe7 22. Rb1 Kc8 23. Qb5 c6 24. Qb4 Qd8 25. Bxh5 Rb8 26. Bg4+ Kc7 27. Rh3 a6 28. Rf3 Rxf3 29. Bxf3 Qd7 30. Ke2 b5 31. h5 Qf5 32. Rb2 Rf8 33. Qe7+ Kb6 34. Qc5+ Kb7 35. Qe7+ Ka8 36. Qc7 Qxf3+ 37. Kd3 Qe4+ 38. Kc3 Qe6 39. Qb6 Re8 40. Qxa6+ Kb8 41. Qb6+ Kc8 42. Rc2 Re7 43. Kb2 Rc7 44. a4 bxa4 45. Qa6+ Kd7 46. Ka2 Qe4 47. Qxa4 Qd3 0-1


[Site "https://www.chess.com"]

[Event "Titled Tuesday Blitz July 25 Early 2023"]
[White "Rosh Jain"]
[Black "Putri, Regita Desyari"]
[WhiteFideId "25789465"]
[BlackFideId "7109083"]
[WhiteElo "2431"]
[BlackElo "2225"]
[Result "1-0"]
[Round "7"]
[TimeControl "180+2"]
[Date "2023.07.25"]
[WhiteClock "0:01:06"]
[BlackClock "0:00:00"]
[Board "154"]

1. e4 e5 2. Nf3 Nf6 3. Nxe5 d6 4. Nf3 Nxe4 5. Bd3 Nc5 6. O-O Nxd3 7. cxd3 Be7 8. d4 O-O 9. d3 Bg4 10. h3 Bh5 11. Nc3 Nc6 12. Be3 Bf6 13. g4 Bg6 14. Ne4 d5 15. Nxf6+ Qxf6 16. Re1 Rfe8 17. Kg2 h6 18. Rc1 Qd6 19. a3 Re7 20. Qb3 Na5 21. Qb5 b6 22. b4 a6 23. Qa4 Nb7 24. Rc6 b5 25. Qc2 Qd8 26. Ne5 Bh7 27. Rc3 Qc8 28. Rc1 Nd6 29. Rxc7 Rxc7 30. Qxc7 Qxc7 31. Rxc7 f6 32. Nc6 Bxd3 33. Ne7+ Kh7 34. Nxd5 Be4+ 35. Kg1 Bxd5 36. Rd7 Nc4 37. Rxd5 Nxa3 38. Rc5 Kg6 39. d5 Rd8 40. Bf4 Rd7 41. d6 Nc4 42. Rc6 Kf7 43. Rxa6 Ke6 44. Kg2 Kd5 45. Kf3 g5 46. Bg3 Nxd6 47. Rb6 Nc4 48. Rxb5+ Ke6 49. Rc5 Nd2+ 50. Kg2 Ne4 51. Rc6+ Kf7 52. b5 Rd2 53. b6 Rb2 54. Rc7+ Kg6 55. b7 Nc3 56. Rxc3 Rxb7 57. Rc7 Rb4 58. f3 Rb2+ 59. Bf2 Rb4 60. Kg3 h5 61. gxh5+ Kxh5 62. Rg7 Kh6 63. Rg8 Kh7 64. Rd8 Kg6 65. Bd4 1-0


[Site "https://www.chess.com"]

[Event "Titled Tuesday Blitz July 25 Early 2023"]
[White "Goryachkina, Aleksandra"]
[Black "Slavin, Alexey"]
[WhiteFideId "4147103"]
[BlackFideId "24104388"]
[WhiteElo "2611"]
[BlackElo "2356"]
[Result "1-0"]
[Round "7"]
[TimeControl "180+2"]
[Date "2023.07.25"]
[WhiteClock "0:01:14"]
[BlackClock "0:01:07"]
[Board "155"]

1. e4 Nc6 2. Nc3 d6 3. d4 Nf6 4. Be2 e5 5. Nf3 Bg4 6. d5 Ne7 7. Nd2 Bd7 8. O-O Ng6 9. a4 a6 10. Nc4 Be7 11. a5 O-O 12. Be3 h6 13. h3 Nh7 14. Bg4 Bg5 15. Bxd7 Qxd7 16. Qg4 Qd8 17. Bxg5 Nxg5 18. Ne3 Nf4 19. h4 Nh7 20. Nf5 Qf6 21. g3 Ng6 22. Nd1 Ne7 23. Nde3 Nxf5 24. Nxf5 Kh8 25. Ra3 Rg8 26. Rf3 Nf8 27. h5 Qg5 28. Qxg5 hxg5 29. Ne7 f6 30. Nxg8 Kxg8 31. Rc3 Rc8 32. b4 Nd7 33. Rb1 c6 34. dxc6 bxc6 35. Rd1 1-0


[Site "https://www.chess.com"]

[Event "Titled Tuesday Blitz July 25 Early 2023"]
[White "Fajdetic, Hrvoje"]
[Black "Orlov, Georgi"]
[WhiteFideId "14501945"]
[BlackFideId "2011271"]
[WhiteElo "2354"]
[BlackElo "2550"]
[Result "0-1"]
[Round "7"]
[TimeControl "180+2"]
[Date "2023.07.25"]
[WhiteClock "0:00:00"]
[BlackClock "0:01:36"]
[Board "156"]

1. f4 c5 2. e4 Nc6 3. Nf3 g6 4. d3 Bg7 5. Be2 d6 6. O-O Nf6 7. c3 O-O 8. Qe1 b5 9. Qh4 b4 10. a3 bxc3 11. bxc3 Bg4 12. Nbd2 e6 13. h3 Bxf3 14. Bxf3 Nd7 15. Qxd8 Rfxd8 16. e5 Rac8 17. Bxc6 Rxc6 18. d4 cxd4 19. cxd4 Nb6 20. Ne4 Nc4 21. Rb1 h6 22. Rf3 dxe5 23. dxe5 Rd1+ 24. Rf1 Rd4 25. Rb8+ Kh7 26. Nf2 Rb6 27. Rxb6 axb6 28. Re1 Bf8 29. Ne4 Nxa3 30. Nf6+ Kg7 0-1


[Site "https://www.chess.com"]

[Event "Titled Tuesday Blitz July 25 Early 2023"]
[White "Rodchenkov, Sergey D."]
[Black "Smiechu"]
[WhiteFideId "4168712"]
[WhiteElo "2546"]
[BlackElo "2352"]
[Result "0-1"]
[Round "7"]
[TimeControl "180+2"]
[Date "2023.07.25"]
[WhiteClock "0:01:43"]
[BlackClock "0:01:27"]
[Board "157"]

1. e4 c5 2. Nf3 g6 3. d4 cxd4 4. Nxd4 Nc6 5. Be3 Bg7 6. c4 Nf6 7. Nc3 d6 8. Be2 O-O 9. O-O Nxd4 10. Bxd4 Be6 11. f3 Qa5 12. Qd2 Rfc8 13. Rfd1 Bxc4 14. Bxf6 Bxf6 15. Nd5 Qxd2 16. Nxf6+ Kg7 17. Rxd2 Kxf6 18. Kf2 Bxe2 19. Kxe2 Rc6 20. h4 Rac8 21. h5 Rc1 22. Rxc1 Rxc1 23. hxg6 hxg6 24. Kf2 Ke5 25. g3 g5 26. Re2 e6 27. Ke3 d5 28. f4+ gxf4+ 29. gxf4+ Kd6 30. e5+ Kc5 31. Rh2 d4+ 32. Ke4 Re1+ 33. Kd3 Re3+ 34. Kd2 Rf3 35. Rh4 Kd5 36. Ke2 Re3+ 37. Kf2 Ke4 38. Rh7 Rf3+ 39. Ke2 d3+ 40. Kd2 Rf2+ 41. Kc3 Rc2+ 42. Kb3 Rc7 43. Rh1 d2 44. Rd1 Kd3 0-1


[Site "https://www.chess.com"]

[Event "Titled Tuesday Blitz July 25 Early 2023"]
[White "Bilan, Danila"]
[Black "Ncatt"]
[WhiteFideId "24161918"]
[WhiteElo "2510"]
[BlackElo "2336"]
[Result "1-0"]
[Round "7"]
[TimeControl "180+2"]
[Date "2023.07.25"]
[WhiteClock "0:00:02"]
[BlackClock "0:00:00"]
[Board "158"]

1. d4 d5 2. Nf3 Nf6 3. c4 c6 4. Nc3 e6 5. Bg5 Nbd7 6. cxd5 exd5 7. e3 Be7 8. Bd3 h6 9. Bh4 Ne4 10. Bxe7 Qxe7 11. Bxe4 dxe4 12. Nd2 Nf6 13. Nc4 O-O 14. Ne5 c5 15. O-O Bf5 16. Qb3 Rad8 17. Rad1 cxd4 18. exd4 Be6 19. Qc2 Bf5 20. f3 Rxd4 21. Nc6 bxc6 22. Rxd4 Qc5 23. Qf2 exf3 24. gxf3 Re8 25. Rfd1 Qb6 26. a3 Kh7 27. Rf4 Qa5 28. b4 Qe5 29. Qd4 Qe6 30. Qf2 Bg6 31. Rfd4 Qb3 32. Ne2 Qxa3 33. Nf4 Bf5 34. Ng2 a5 35. Nh4 Be6 36. Qc2+ g6 37. bxa5 Qxa5 38. Ng2 c5 39. Rd6 Rc8 40. Qd2 Qa4 41. Qf4 Qxf4 42. Nxf4 Re8 43. Nxe6 Rxe6 44. Rxe6 fxe6 45. Rd6 Kg7 46. Rxe6 g5 47. Rc6 Nd5 48. Rxc5 Nf4 49. Ra5 Kg6 50. Kf2 Nh3+ 51. Kg3 Nf4 52. h4 Ne6 53. Ra6 Kf5 54. Ra5+ Kf6 55. Kg4 Kg6 56. Ra6 Kf6 57. Kh5 gxh4 58. Kxh4 Kf5 59. Kg3 h5 60. Ra5+ Kg6 61. Kh4 Nd4 62. Kg3 Ne6 63. Rb5 Nd4 64. Rb6+ Kg5 65. Rb8 Nf5+ 66. Kf2 h4 67. Rf8 Kf4 68. Kg2 Kg5 69. Kh3 Kf4 70. Rf7 Kg5 71. Kg2 Kf4 72. Rh7 Ne3+ 73. Kf2 Nf5 74. Rh8 Kg5 75. Ra8 Kf4 76. Ra4+ Kg5 77. Rg4+ Kf6 78. Ke2 Ke5 79. Kd3 h3 80. Rg8 h2 81. Rh8 Kf4 82. Rxh2 Kxf3 83. Rh8 Kf4 84. Rf8 Ke5 85. Kc4 Kf4 86. Kd5 Kg5 87. Ke5 Ng3 88. Rg8+ Kh4 89. Kf4 Nh5+ 90. Kf3 Nf6 91. Rg6 Nh5 92. Re6 Kg5 93. Re5+ 1-0


[Site "https://www.chess.com"]

[Event "Titled Tuesday Blitz July 25 Early 2023"]
[White "Goffredo_Fofi"]
[Black "Buscar, Michael"]
[BlackFideId "2603616"]
[WhiteElo "2509"]
[BlackElo "2333"]
[Result "0-1"]
[Round "7"]
[TimeControl "180+2"]
[Date "2023.07.25"]
[WhiteClock "0:00:08"]
[BlackClock "0:01:14"]
[Board "159"]

1. e4 c5 2. d3 d5 3. Nd2 dxe4 4. dxe4 Nc6 5. Ngf3 g6 6. Bc4 Bg7 7. O-O Nf6 8. c3 O-O 9. Qe2 Bg4 10. h3 Bd7 11. e5 Ne8 12. e6 Bxe6 13. Bxe6 fxe6 14. Qxe6+ Kh8 15. Ng5 Ne5 16. Nc4 Nc7 17. Nxe5 Nxe6 18. Nxe6 Qd5 19. Nxf8 Bxe5 20. Bh6 Rd8 21. Rfe1 Rd6 22. Re2 Bg7 23. Bxg7+ Kxg7 24. Rxe7+ Kxf8 25. Rae1 Rd7 26. Re8+ Kf7 27. R8e5 Qxa2 28. R1e2 b6 29. Kh2 a5 30. f4 Qb1 31. h4 a4 32. h5 Qd3 33. Rf2 gxh5 34. Rxh5 Rd5 35. Rh3 Qf5 36. g4 Qb1 37. f5 Kg8 38. Re3 Rd1 39. f6 Rh1+ 40. Kg2 Rg1+ 41. Kf3 Rf1 42. Re7 Rxf2+ 43. Kxf2 Qxb2+ 44. Kg3 Qxc3+ 45. Kh4 Qxf6+ 46. Kh5 Qxe7 47. g5 Qe4 48. g6 Qxg6+ 49. Kh4 a3 50. Kh3 a2 51. Kh2 a1=Q 52. Kh3 Qh1# 0-1


[Site "https://www.chess.com"]

[Event "Titled Tuesday Blitz July 25 Early 2023"]
[White "Shturman, Arseniy"]
[Black "Sriniaiyer, Sudarshan"]
[WhiteFideId "34275797"]
[BlackFideId "30937213"]
[WhiteElo "2492"]
[BlackElo "2332"]
[Result "1/2-1/2"]
[Round "7"]
[TimeControl "180+2"]
[Date "2023.07.25"]
[WhiteClock "0:00:08"]
[BlackClock "0:00:06"]
[Board "160"]

1. e4 c5 2. Nf3 d6 3. d4 cxd4 4. Nxd4 Nf6 5. Nc3 Nc6 6. Bg5 e6 7. Qd3 Be7 8. Nxc6 bxc6 9. O-O-O Qa5 10. Bd2 Qc7 11. Be2 a5 12. g4 Ba6 13. Qf3 Bxe2 14. Qxe2 Nd7 15. f4 Rb8 16. Na4 O-O 17. h4 c5 18. g5 Qc6 19. b3 Nb6 20. Nb2 c4 21. Bxa5 cxb3 22. axb3 Nd7 23. Qc4 Nc5 24. b4 Qa6 25. Qxa6 Nxa6 26. c3 Rfc8 27. Kd2 Nc5 28. Rhe1 Nb3+ 29. Kc2 Nxa5 30. bxa5 Ra8 31. Ra1 Bd8 32. a6 Rc6 33. a7 Rc7 34. Red1 Be7 35. Rd4 Rcxa7 36. Rxa7 Rxa7 37. Ra4 Rxa4 38. Nxa4 d5 39. exd5 exd5 40. Nb6 Bd6 41. Nxd5 Kf8 42. Kd3 Ke8 43. Kd4 Kd7 44. c4 h6 45. c5 Bb8 46. gxh6 gxh6 47. Ke4 Kc6 48. Ne7+ Kxc5 49. Nf5 Kc6 50. Nxh6 Kd7 51. Nxf7 Ke6 52. Ne5 Kf6 53. Ng4+ Kg6 54. Nh2 Kh5 55. Nf3 Bd6 56. f5 Be7 57. Ke5 Bd8 58. f6 Kg6 59. h5+ Kxh5 60. f7 Be7 61. Ke6 Ba3 62. Kd7 Kg6 63. Ke8 Kg7 64. Nd4 Bb4 65. Nf5+ Kf6 66. Ne3 Ba3 67. Nc4 Bb4 68. Nb6 Ba3 69. Nd5+ Ke6 70. Nf4+ Kf6 71. Ne2 Ke6 72. Nc3 Kf6 73. Nb5 Bb4 74. Nc7 Ba3 75. Nd5+ Ke6 76. Ne3 Kf6 77. Ng4+ Ke6 78. Nh6 Bb4 79. Ng8 Ba3 80. Nh6 Bb4 81. Ng4 Ba3 82. Nh2 Bb4 83. Nf1 Ba3 84. Ne3 Bb4 85. Nc2 Bc5 86. Ne1 Kf6 87. Nd3 Ba3 88. Nf4 Ke5 89. Nh5 Ke6 90. Ng3 Kf6 91. Nh1 Ke6 92. Nf2 Kf6 93. Ng4+ Ke6 1/2-1/2


[Site "https://www.chess.com"]

[Event "Titled Tuesday Blitz July 25 Early 2023"]
[White "Perske, Thore"]
[Black "Makhmudov, Shukhrat"]
[WhiteFideId "12902195"]
[BlackFideId "14200775"]
[WhiteElo "2475"]
[BlackElo "2331"]
[Result "1-0"]
[Round "7"]
[TimeControl "180+2"]
[Date "2023.07.25"]
[WhiteClock "0:01:49"]
[BlackClock "0:00:46"]
[Board "161"]

1. d4 Nf6 2. g3 d5 3. Bg2 c6 4. Nf3 Bf5 5. c4 e6 6. Nc3 Nbd7 7. Nh4 Be4 8. f3 Bg6 9. Nxg6 hxg6 10. e4 Bb4 11. O-O Bxc3 12. bxc3 Qb6 13. e5 Nxe5 14. c5 Qa5 15. dxe5 Qxc3 16. Rb1 Qxc5+ 17. Kh1 Nd7 18. Rxb7 O-O-O 19. Qb3 Nb6 20. Rxf7 a5 21. Be3 d4 22. Rc1 Qb4 23. Qxe6+ Kb8 24. Qxc6 1-0


[Site "https://www.chess.com"]

[Event "Titled Tuesday Blitz July 25 Early 2023"]
[White "Bychkov, Vladimir"]
[Black "morozcoma"]
[WhiteFideId "24151513"]
[WhiteElo "2468"]
[BlackElo "2330"]
[Result "1-0"]
[Round "7"]
[TimeControl "180+2"]
[Date "2023.07.25"]
[WhiteClock "0:02:46"]
[BlackClock "0:02:28"]
[Board "162"]

1. d4 d5 2. c4 dxc4 3. Nf3 a6 4. a4 Nf6 5. e3 Bg4 6. Bxc4 e6 7. h3 Bh5 8. g4 Bg6 9. Ne5 Nbd7 10. Nxg6 hxg6 11. Qf3 Rb8 12. Nc3 Bd6 13. e4 e5 14. g5 Nh5 15. Qxf7# 1-0


[Site "https://www.chess.com"]

[Event "Titled Tuesday Blitz July 25 Early 2023"]
[White "UNSTOPPABLE_LEGEND"]
[Black "Lopez Del Alamo, Antonio"]
[BlackFideId "2227339"]
[WhiteElo "2461"]
[BlackElo "2330"]
[Result "0-1"]
[Round "7"]
[TimeControl "180+2"]
[Date "2023.07.25"]
[WhiteClock "0:01:19"]
[BlackClock "0:01:18"]
[Board "163"]

1. d4 Nf6 2. Nf3 g6 3. e3 d6 4. c4 Bg7 5. Be2 Nbd7 6. O-O O-O 7. Nc3 e5 8. b4 e4 9. Nd2 Re8 10. Qc2 Qe7 11. a4 h5 12. b5 c5 13. bxc6 bxc6 14. Ba3 Nf8 15. Kh1 Bf5 16. Rfc1 N8h7 17. Rab1 Bf8 18. Bf1 Ng4 19. Nb3 Qh4 20. h3 Nxf2+ 21. Kg1 Nd3 22. Rd1 Bh6 23. Qe2 Rad8 24. Nd2 Nf6 25. Rb7 Qg5 26. Rxa7 Qxe3+ 27. Qxe3 Bxe3+ 28. Kh2 Bxd4 0-1


[Site "https://www.chess.com"]

[Event "Titled Tuesday Blitz July 25 Early 2023"]
[White "Kopczynski, Michal"]
[Black "Alberto, Manuel"]
[WhiteFideId "1124200"]
[BlackFideId "10100148"]
[WhiteElo "2456"]
[BlackElo "2329"]
[Result "0-1"]
[Round "7"]
[TimeControl "180+2"]
[Date "2023.07.25"]
[WhiteClock "0:00:10"]
[BlackClock "0:00:17"]
[Board "164"]

1. e4 c5 2. d4 cxd4 3. c3 d3 4. Bxd3 d6 5. f4 Nf6 6. Nf3 g6 7. O-O Bg7 8. Kh1 O-O 9. Qe1 Nc6 10. Be3 Ng4 11. Bg1 e5 12. f5 gxf5 13. exf5 d5 14. h3 Nh6 15. f6 Qxf6 16. Bb5 Qg6 17. Bxc6 bxc6 18. Nxe5 Qh5 19. Nxc6 Bxh3 20. gxh3 Qxh3+ 21. Bh2 Ng4 22. Qg3 Qxf1+ 23. Bg1 h5 24. Ne7+ Kh7 25. Nd2 Qxa1 26. Qh4 Qd1 27. Qxh5+ Bh6 28. Qf5+ Kg7 29. Nf3 Nf6 30. Qh3 Rh8 31. Nf5+ Kg8 32. Kg2 Qe2+ 33. Bf2 Bf4 34. Ne7+ Kg7 35. Nf5+ Kg6 36. Ne7+ Qxe7 37. Nh4+ Rxh4 38. Qxh4 Qe4+ 39. Kf1 Re8 40. Qh3 Qe2+ 41. Kg2 Re4 42. Qc8 Be3 43. Kh3 Bxf2 44. Qg4+ Qxg4+ 0-1


[Site "https://www.chess.com"]

[Event "Titled Tuesday Blitz July 25 Early 2023"]
[White "Ladan, Nicholas"]
[Black "Slovineanu, Viacheslav"]
[WhiteFideId "30918855"]
[BlackFideId "13900510"]
[WhiteElo "2449"]
[BlackElo "2329"]
[Result "0-1"]
[Round "7"]
[TimeControl "180+2"]
[Date "2023.07.25"]
[WhiteClock "0:01:32"]
[BlackClock "0:01:32"]
[Board "165"]

1. a3 e5 2. b4 a5 3. b5 d5 4. Bb2 Bd6 5. f4 exf4 6. Bxg7 Qh4+ 7. g3 fxg3 8. Bg2 gxh2+ 9. Kf1 Nh6 10. Nf3 Qg3 11. Bxh8 Bh3 12. Ne1 Qf4+ 13. Nf3 Bxg2+ 14. Kxg2 Qg3+ 15. Kf1 Qh3+ 16. Kf2 Ng4+ 17. Ke1 Bg3# 0-1


[Site "https://www.chess.com"]

[Event "Titled Tuesday Blitz July 25 Early 2023"]
[White "Padmini, Rout"]
[Black "Prydun, Andriy"]
[WhiteFideId "5029295"]
[BlackFideId "14145898"]
[WhiteElo "2441"]
[BlackElo "2322"]
[Result "1-0"]
[Round "7"]
[TimeControl "180+2"]
[Date "2023.07.25"]
[WhiteClock "0:00:08"]
[BlackClock "0:00:00"]
[Board "166"]

1. Nf3 Nf6 2. g3 g6 3. Bg2 Bg7 4. O-O O-O 5. d4 d6 6. b3 Nc6 7. Bb2 a5 8. d5 Nb4 9. c4 a4 10. a3 Na6 11. b4 c6 12. dxc6 Qc7 13. Nd4 bxc6 14. Bxc6 Rb8 15. b5 Nc5 16. Nc3 Bh3 17. Bg2 Bxg2 18. Kxg2 Ncd7 19. Nc6 Rbe8 20. Nxa4 Ra8 21. Nc3 Nb6 22. Qd3 e6 23. a4 Nfd7 24. a5 Nc8 25. Na4 Nc5 26. Nxc5 Bxb2 27. Ra2 Bg7 28. Nb3 Ne7 29. Nxe7+ Qxe7 30. a6 Rfc8 31. b6 Rcb8 32. b7 Rxb7 33. axb7 Qxb7+ 34. Qf3 Qxf3+ 35. Kxf3 Rxa2 36. Rb1 Rb2 37. Rxb2 Bxb2 38. Na5 Kf8 39. Nc6 Ke8 40. Nb4 Kd7 41. Nd3 Bg7 42. c5 dxc5 43. Nxc5+ Ke7 44. Nd3 Bf6 45. h4 Bg7 46. Ke4 h5 47. e3 Bf6 48. f4 Bg7 49. Kf3 Bf6 50. e4 Bg7 51. e5 Bf8 52. Nc5 Ke8 53. Ne4 Be7 54. Ke2 Kd7 55. Kd3 Kc6 56. Kc4 Bd8 57. Nd2 Be7 58. Nf3 Kd7 59. Nd4 Bd8 60. Kb5 Ke7 61. Kc6 Ke8 62. Nf3 Be7 63. Nd2 Bf8 64. Ne4 Ba3 65. Kc7 Ke7 66. Nd6 Bc1 67. Ne4 Be3 68. Kc6 Bg1 69. Nd2 Bf2 70. Ne4 Be1 71. Kb5 Kd7 72. Kc5 Kc7 73. Kc4 Kc6 74. Kd3 Kd5 75. Ke3 Kc4 76. Ke2 Kd4 77. Kf3 Kd3 78. Ng5 1-0


[Site "https://www.chess.com"]

[Event "Titled Tuesday Blitz July 25 Early 2023"]
[White "Herzog2012"]
[Black "SicilianPanzer"]
[WhiteElo "2440"]
[BlackElo "2316"]
[Result "1-0"]
[Round "7"]
[TimeControl "180+2"]
[Date "2023.07.25"]
[WhiteClock "0:01:01"]
[BlackClock "0:00:00"]
[Board "167"]

1. e4 c5 2. Nf3 Nc6 3. d4 cxd4 4. Nxd4 Qb6 5. Nb3 g6 6. Be3 Qb4+ 7. Nc3 Bg7 8. Bd3 Bxc3+ 9. bxc3 Qxc3+ 10. Bd2 Qg7 11. O-O d6 12. f4 Nf6 13. Bc3 O-O 14. Qe1 e5 15. Qh4 Nh5 16. f5 Qf6 17. Qg4 Ng7 18. Bd2 gxf5 19. exf5 h6 20. h4 d5 21. Qg3 Ne7 22. Bb4 Re8 23. Rae1 Nxf5 24. Bxf5 Bxf5 25. Qf3 Qg6 26. Qxd5 Be4 27. Qxe4 1-0


[Site "https://www.chess.com"]

[Event "Titled Tuesday Blitz July 25 Early 2023"]
[White "BenchGM"]
[Black "Rakitic2010"]
[WhiteElo "2307"]
[BlackElo "2437"]
[Result "0-1"]
[Round "7"]
[TimeControl "180+2"]
[Date "2023.07.25"]
[WhiteClock "0:00:06"]
[BlackClock "0:01:12"]
[Board "168"]

1. Nf3 Nf6 2. c4 c6 3. Nc3 d5 4. e3 Bg4 5. b3 e6 6. Bb2 Be7 7. Qc2 O-O 8. h3 Bf5 9. d3 Na6 10. a3 dxc4 11. bxc4 Nc5 12. e4 Bg6 13. Ne5 Qa5 14. Nxg6 hxg6 15. Be2 Rad8 16. O-O Nh5 17. g3 Bf6 18. Kg2 Rd7 19. f4 Rfd8 20. Rad1 g5 21. Bxh5 Nxd3 22. Ba1 gxf4 23. Be2 Qg5 24. Rf3 Ne5 25. Rxd7 Rxd7 26. Rxf4 Ng6 27. Rg4 Rd2 28. Qb3 Qe3 29. Kf1 Bd4 0-1


[Site "https://www.chess.com"]

[Event "Titled Tuesday Blitz July 25 Early 2023"]
[White "Avazkhonov, Alikhon"]
[Black "Cooper, Aaron"]
[WhiteFideId "14208504"]
[BlackFideId "2634945"]
[WhiteElo "2435"]
[BlackElo "2298"]
[Result "1-0"]
[Round "7"]
[TimeControl "180+2"]
[Date "2023.07.25"]
[WhiteClock "0:01:35"]
[BlackClock "0:00:49"]
[Board "169"]

1. d4 Nf6 2. c4 e6 3. Nc3 d5 4. cxd5 exd5 5. Bg5 Nbd7 6. e3 c6 7. Bd3 Be7 8. Qc2 O-O 9. Nf3 Re8 10. O-O-O a5 11. g4 b5 12. Bxf6 Bxf6 13. Bxh7+ Kf8 14. Rdg1 a4 15. Kb1 Qa5 16. g5 Be7 17. Ne2 Nb6 18. Ne5 Bb7 19. Nxf7 Nc4 20. Nh8 Bc8 21. Qg6 Nd6 22. Qf7+ Nxf7 23. Ng6# 1-0


[Site "https://www.chess.com"]

[Event "Titled Tuesday Blitz July 25 Early 2023"]
[White "Schut, Han"]
[Black "Reprintsev, Alexander"]
[WhiteFideId "1005561"]
[BlackFideId "14100541"]
[WhiteElo "2302"]
[BlackElo "2427"]
[Result "0-1"]
[Round "7"]
[TimeControl "180+2"]
[Date "2023.07.25"]
[WhiteClock "0:00:00"]
[BlackClock "0:00:40"]
[Board "170"]

1. e4 d5 2. exd5 Qxd5 3. Nc3 Qa5 4. d4 Nf6 5. Bd2 Bg4 6. f3 Bd7 7. Bc4 Qb6 8. Qe2 Nc6 9. d5 Nd4 10. Qd1 Qxb2 11. Rb1 Qxc2 12. Rxb7 Qxd1+ 13. Kxd1 e5 14. Rxc7 Bd6 15. Rb7 O-O 16. Nge2 Rfb8 17. Rxb8+ Rxb8 18. Re1 Bf5 19. Nxd4 exd4 20. Nb5 Bxh2 21. d6 a6 22. Nxd4 Bd7 23. f4 Bg3 24. Re7 Bf2 25. Nb3 Be6 26. Bxe6 fxe6 27. d7 Rd8 28. Rxe6 Rxd7 29. Re2 Bg3 30. Kc2 Nd5 31. Re4 h5 32. Rd4 Rc7+ 33. Kb2 Nb6 34. Ba5 Rc6 0-1


[Site "https://www.chess.com"]

[Event "Titled Tuesday Blitz July 25 Early 2023"]
[White "AndresDelgado77"]
[Black "Begunov, Konstantin"]
[BlackFideId "4118510"]
[WhiteElo "2286"]
[BlackElo "2418"]
[Result "0-1"]
[Round "7"]
[TimeControl "180+2"]
[Date "2023.07.25"]
[WhiteClock "0:00:00"]
[BlackClock "0:00:10"]
[Board "172"]

1. e4 c5 2. Nf3 d6 3. d4 cxd4 4. Qxd4 a6 5. Bg5 Nc6 6. Qd2 Bg4 7. Nc3 Bxf3 8. gxf3 Qa5 9. O-O-O g6 10. Kb1 Bg7 11. Nd5 Qxd2 12. Rxd2 Rc8 13. Bh3 Rb8 14. Nc7+ Kf8 15. Nd5 h6 16. Be3 Nf6 17. Bf1 Nxd5 18. exd5 Ne5 19. f4 Ng4 20. Bb6 Rc8 21. Bh3 f5 22. Bxg4 fxg4 23. f3 gxf3 24. Rf1 Rc4 25. Rxf3 Kf7 26. c3 Re4 27. h4 Bf6 28. Bf2 Rc8 29. Kc2 Rcc4 30. Bg3 Rc5 31. a3 b5 32. Rfd3 a5 33. Kd1 a4 34. Re2 Rcc4 35. Rxe4 Rxe4 36. Kd2 h5 37. Re3 Rc4 38. Kd3 Rc5 39. Ke4 Rc4+ 40. Kf3 Ke8 41. Rd3 Kd7 42. Ke3 Kc7 43. Kf3 Kb6 44. Bf2+ Kc7 45. Be3 Bxh4 46. Rd1 Bf6 47. Rg1 b4 48. axb4 a3 49. bxa3 Rxc3 50. Rxg6 Bd4 51. Ke4 Bxe3 52. Re6 Kd7 53. Kf5 Bc1 54. Kg5 Bxa3 55. Kxh5 Bxb4 56. Kg6 Rf3 57. f5 Bc3 58. Re4 Be5 59. Ra4 Rg3+ 60. Kf7 Rg7+ 61. Kf8 Bf6 62. Ra7+ Kd8 63. Ra8+ Kc7 64. Ra7+ Kb6 65. Rd7 Kc5 66. Ra7 Kxd5 67. Ra5+ Ke4 68. Rb5 Rg5 0-1


[Site "https://www.chess.com"]

[Event "Titled Tuesday Blitz July 25 Early 2023"]
[White "JonSnowNW1"]
[Black "laimis61"]
[WhiteElo "2412"]
[BlackElo "2285"]
[Result "0-1"]
[Round "7"]
[TimeControl "180+2"]
[Date "2023.07.25"]
[WhiteClock "0:00:00"]
[BlackClock "0:00:17"]
[Board "173"]

1. c4 e6 2. e4 d5 3. cxd5 exd5 4. exd5 Nf6 5. Bb5+ Nbd7 6. Nc3 Bd6 7. Nf3 O-O 8. O-O a6 9. Be2 Nb6 10. h3 Nbxd5 11. d4 Bf5 12. Bg5 Qd7 13. Ne5 Qe6 14. Bc4 Bxe5 15. Nxd5 Nxd5 16. dxe5 c6 17. Qd4 Qg6 18. Qh4 Be6 19. Rac1 h6 20. Bd2 Rad8 21. Rfe1 Rfe8 22. Rcd1 Rd7 23. Ba5 b5 24. Bd3 Bf5 25. Be2 Qg5 26. Qxg5 hxg5 27. Bf3 Be6 28. Rc1 Rc8 29. Rc5 Ne7 30. Rec1 Bxa2 31. Bxc6 Nxc6 32. Rxc6 Rxc6 33. Rxc6 Rd1+ 34. Kh2 Rb1 35. Bc3 a5 36. Rc5 b4 37. Bd4 a4 38. Ra5 Bb3 39. Rb5 a3 40. bxa3 bxa3 41. Ra5 a2 42. Kg3 Rd1 43. Bb2 Rd2 44. Ba1 Re2 45. Kf3 Rc2 46. Ke3 Rc1 47. Bb2 Rg1 48. g3 Rh1 49. Bd4 Rxh3 50. Ra3 Be6 51. Ra8+ Kh7 52. Kd2 Kg6 53. Kc2 Kf5 0-1


[Site "https://www.chess.com"]

[Event "Titled Tuesday Blitz July 25 Early 2023"]
[White "Barwinska, Ewa"]
[Black "Yashmetov, Mikhail"]
[WhiteFideId "21833761"]
[BlackFideId "24198900"]
[WhiteElo "2279"]
[BlackElo "2410"]
[Result "0-1"]
[Round "7"]
[TimeControl "180+2"]
[Date "2023.07.25"]
[WhiteClock "0:00:16"]
[BlackClock "0:01:05"]
[Board "174"]

1. e4 c5 2. Nf3 Nc6 3. d4 cxd4 4. Nxd4 Nf6 5. Nc3 e5 6. Ndb5 d6 7. Bg5 a6 8. Na3 b5 9. Nd5 Be7 10. Bxf6 Bxf6 11. c3 O-O 12. Nc2 Bg5 13. a4 bxa4 14. Rxa4 a5 15. Bc4 Rb8 16. b3 Kh8 17. O-O f5 18. exf5 Bxf5 19. Nce3 Bg6 20. Qg4 e4 21. Qe2 Ne5 22. Rxa5 Qxa5 23. Ng4 Nxc4 24. Qxc4 Rfc8 25. Qd4 Qc5 26. Qd1 Bf7 27. c4 Bxd5 28. cxd5 Rf8 29. g3 e3 30. h4 exf2+ 31. Kg2 Bf6 32. Rxf2 Bd4 33. Rd2 Qxd5+ 34. Kh3 Rb4 35. Rd3 h5 36. Ne3 Qe6+ 37. Kh2 Bxe3 38. Qxh5+ Bh6 0-1


[Site "https://www.chess.com"]